Map: Goldenaura LE

Players

Entropy

  • Race: Zerg Zerg
  • League: Diamond
  • Spawn Location: 5:00

Carterxu - Winner!

  • Race: Terran Terran
  • Spawn Location: 12:00

VOD

Have the link to the VOD?

Description

Time

  • Played on: Jan. 4, 2024, 9:15 p.m.
  • Length: 39:31
Show
View Real Time Build Order
Export as new Build Order

Entropy Zerg 

Build Orders: Hatch First 

Get SALT Encoding   

  12  0:00  Drone  
  13  0:12  Overlord  
  13  0:17  Drone  
  14  0:31  Drone x2  
  16  0:48  Hatchery  
  15  0:52  Drone  
  15  0:56  Drone  
  17  0:59  Drone  
  18  1:10  Extractor  
  17  1:15  Spawning Pool  
  17  1:18  Drone  
  17  1:21  Drone  
  18  1:27  Drone  
  19  1:41  Drone  
  20  1:49  Drone  
  21  2:01  Queen  
  21  2:02  Queen  
  21  2:03  Zergling x4  
  27  2:10  Overlord  
  27  2:12  Drone  
  28  2:24  Hatchery  
  26  2:43  Queen  
  28  2:49  Drone x3  
  31  2:57  Drone x3  
  34  2:59  Overlord  
  34  3:10  Drone  
  35  3:14  Drone  
  35  3:17  Drone  
  35  3:18  Overlord  
  37  3:24  Queen x2  
  41  3:29  Drone x2  
  41  3:31  Overlord  
  43  3:39  Drone  
  44  3:48  Drone  
  44  3:49  Drone x4  
  44  3:55  Drone x3  
  52  3:57  Queen  
  52  4:02  Queen  
  56  4:05  Queen  
  56  4:09  Drone x2  
  60  4:10  Drone  
  60  4:12  Overlord  
  60  4:17  Overlord  
  61  4:20  Drone x2  
  63  4:29  Drone  
  63  4:30  Drone x2  
  66  4:34  Drone x5  
  66  4:38  Drone x4  
  72  4:41  Baneling Nest  
  72  4:42  Queen  
  76  4:48  Spore Crawler  
  75  4:58  Extractor  
  75  4:59  Extractor  
  73  5:00  Spore Crawler  
  73  5:01  Spore Crawler  
  71  5:09  Drone  
  71  5:10  Drone x8  
  71  5:12  Drone  
  71  5:13  Drone  
  76  5:24  Drone  
  76  5:25  Drone x8  
  75  5:33  Extractor, Lair  
  71  5:44  Drone  
  72  5:51  Hatchery  
  72  5:56  Hatchery  
  72  5:57  Hatchery  
  69  5:59  Drone x6  
  69  6:01  Zergling x2  
  77  6:27  Overlord x6  
  77  6:28  Hatchery  
  76  6:48  Zergling x2  
  76  6:49  Zergling x14  
  76  6:51  Metabolic Boost  
  84  7:03  Hatchery  
  84  7:05  Extractor  
  84  7:06  Drone  
  84  7:07  Drone x5, Extractor, Evolution Chamber x2  
  85  7:11  Zergling x18  
  85  7:14  Centrifugal Hooks  
  94  7:19  Drone x2, Hydralisk Den  
  95  7:23  Zergling x6  
  98  7:41  Zergling x24  
  98  7:42  Zergling x10  
  114  7:48  Zerg Melee Weapons Level 1  
  114  7:49  Zerg Ground Armor Level 1  
  114  7:51  Zergling x14  
  120  7:53  Overlord x2  
  121  8:00  Spore Crawler  
  121  8:05  Zergling x16  
  128  8:09  Baneling  
  128  8:10  Baneling x11  
  128  8:16  Infestation Pit  
  128  8:19  Queen  
  127  8:20  Drone x4  
  127  8:21  Drone x4  
  137  8:27  Zergling x8  
  137  8:28  Zergling x4  
  137  8:33  Drone x3  
  146  8:42  Zergling x2  
  146  8:43  Zergling x18  
  156  8:49  Muscular Augments  
  156  8:51  Drone x3  
  159  8:56  Overseer  
  159  9:02  Hydralisk  
  161  9:04  Overlord x5  
  156  9:15  Roach Warren  
  156  9:16  Hydralisk x5  
  156  9:20  Drone  
  161  9:24  Hydralisk, Extractor  
  161  9:25  Hydralisk x2  
  161  9:26  Extractor  
  165  9:35  Hive  
  165  9:37  Drone  
  165  9:38  Drone x3  
  168  9:39  Drone x2  
  171  9:52  Hatchery  
  170  9:53  Grooved Spines, Spine Crawler x2  
  170  9:54  Spine Crawler  
  170  9:55  Spine Crawler  
  170  9:56  Drone, Spine Crawler  
  170  9:57  Drone  
  167  10:00  Hatchery  
  167  10:07  Zerg Melee Weapons Level 2, Zerg Ground Armor Level 2  
  166  10:10  Baneling x13  
  166  10:11  Baneling x2  
  166  10:20  Glial Reconstitution  
  166  10:22  Roach x6  
  166  10:25  Overseer  
  178  10:47  Viper x2  
  184  10:53  Overseer x2  
  184  11:02  Baneling x8  
  182  11:22  Viper  
  169  11:51  Zergling x32  
  169  11:52  Zergling x30  
  162  11:59  Roach x5  
  162  12:00  Adrenal Glands  
  165  12:10  Extractor, Drone  
  165  12:11  Extractor  
  165  12:14  Drone  
  165  12:16  Overlord x4  
  165  12:18  Overlord x3  
  165  12:23  Zerg Missile Weapons Level 1  
  165  12:29  Overlord x4  
  165  12:31  Zerg Melee Weapons Level 3  
  165  12:33  Hatchery  
  165  12:34  Baneling  
  165  12:35  Baneling x8  
  164  12:43  Overseer  
  164  13:07  Zergling x14  
  164  13:08  Zergling x56  
  199  13:12  Baneling  
  199  13:13  Baneling x14  
  129  13:56  Roach x2  
  129  13:57  Zergling x2, Roach x7  
  129  13:58  Zergling x50  
  129  13:59  Zergling x14  
  129  14:02  Drone  
  167  14:04  Drone  
  167  14:05  Drone x2  
  167  14:06  Drone x3  
  173  14:14  Ravager x6  
  179  14:26  Drone  
  179  14:27  Drone x4  
  179  14:28  Drone  
  179  14:29  Drone x2  
  179  14:30  Drone  
  179  14:31  Drone x4  
  189  14:32  Drone x4  
  189  14:34  Extractor x2  
  189  14:36  Spore Crawler  
  193  14:38  Ravager  
  193  14:39  Spine Crawler, Ravager x2  
  193  14:40  Baneling x3  
  195  14:59  Zerg Missile Weapons Level 2  
  195  15:02  Drone x2  
  151  15:34  Roach x20  
  151  15:35  Roach x9  
  179  15:36  Zergling x4  
  179  15:37  Zergling x28  
  179  15:42  Drone x2  
  197  15:43  Drone  
  198  16:08  Ravager  
  198  16:10  Baneling x6  
  198  16:11  Baneling x26  
  199  16:45  Extractor  
  199  16:46  Extractor  
  197  16:47  Extractor  
  197  16:48  Extractor  
  197  16:49  Spine Crawler  
  197  16:50  Spine Crawler  
  197  16:51  Spine Crawler  
  186  17:20  Ravager x12  
  198  17:25  Overseer  
  198  17:26  Overseer  
  198  17:28  Overseer x2  
  198  17:29  Overseer  
  198  17:45  Zergling x2  
  198  17:49  Viper x2  
  163  18:22  Zergling x2  
  163  18:23  Zergling x50  
  163  18:24  Zergling x30  
  194  18:31  Zergling x6  
  194  18:32  Zergling x6  
  200  18:49  Baneling  
  200  18:50  Baneling x19  
  200  19:08  Zerg Missile Weapons Level 3  
  200  19:09  Zerg Ground Armor Level 3  
  200  19:10  Pneumatized Carapace  
  200  19:19  Nydus Network  
  198  19:53  Burrow  
  142  20:46  Zergling x26  
  142  20:47  Zergling x28  
  145  20:52  Viper x5  
  157  21:08  Baneling x23  
  157  21:09  Baneling x11  
  157  21:10  Roach x5  
  157  21:11  Roach x6  
  152  21:57  Zergling x20  
  152  21:58  Zergling x70  
  152  21:59  Zergling x10  
  200  22:14  Overseer, Overlord x3  
  200  22:16  Overseer x2  
  200  22:21  Baneling  
  200  22:22  Baneling x25  
  200  22:30  Spire  
  200  22:32  Spire  
  184  23:28  Baneling  
  184  23:29  Baneling x9  
  150  23:51  Zergling x2  
  150  23:52  Zergling x54  
  150  23:53  Zergling x32  
  181  24:22  Baneling  
  181  24:23  Baneling x14  
  181  24:24  Ravager x5  
  186  24:39  Spine Crawler  
  186  24:40  Spine Crawler  
  186  24:41  Spine Crawler x3  
  181  24:51  Spore Crawler x3  
  170  24:52  Spore Crawler  
  170  24:54  Spore Crawler  
  112  25:07  Zergling x6  
  112  25:08  Zergling x62  
  112  25:09  Zergling x34  
  157  25:17  Viper  
  157  25:18  Viper x2  
  166  25:23  Roach x6  
  166  25:24  Roach x3  
  166  25:25  Zergling x16  
  166  25:26  Zergling x14  
  199  25:30  Baneling  
  199  25:31  Baneling x18  
  199  25:32  Baneling x7  
  144  26:12  Zergling x2  
  144  26:13  Zergling x48  
  144  26:14  Zergling x60  
  150  26:46  Viper x3  
  144  26:51  Zerg Flyer Weapons Level 1  
  144  26:52  Greater Spire  
  144  27:05  Nydus Canal  
  144  27:09  Baneling  
  144  27:10  Baneling x18  
  144  27:11  Zergling x22  
  144  27:12  Zergling x50  
  180  27:26  Spore Crawler x2  
  180  27:27  Spore Crawler x2  
  180  27:28  Spore Crawler  
  180  27:29  Spore Crawler  
  174  27:31  Spine Crawler  
  136  27:48  Viper  
  136  27:49  Corruptor x3  
  136  27:50  Corruptor x6  
  136  27:51  Corruptor x6  
  125  27:52  Corruptor x6  
  125  27:53  Corruptor x6  
  125  27:54  Corruptor x2  
  157  28:01  Corruptor x12  
  181  28:28  Brood Lord x3  
  181  28:29  Brood Lord x6  
  181  28:31  Spore Crawler, Zerg Flyer Armor Level 1  
  181  28:32  Spore Crawler x2  
  181  28:33  Spore Crawler x2  
  194  29:14  Spore Crawler  
  194  29:16  Spore Crawler  
  134  30:21  Corruptor x17  
  108  30:54  Zergling x2  
  108  30:55  Zergling x62  
  108  30:56  Zergling x16  
  140  31:02  Zergling x14  
  140  31:03  Zergling x24  
  140  31:27  Overseer x2  
  128  31:48  Corruptor x6  
  128  31:49  Corruptor x4  
  112  32:44  Viper  
  112  32:45  Viper x5  
  112  32:46  Viper  
  112  32:47  Infestor x2  
  112  32:48  Infestor x2  
  141  32:58  Infestor x4  
  141  33:28  Zerg Flyer Weapons Level 2  
  141  33:47  Neural Parasite  
  141  34:00  Baneling  
  141  34:01  Baneling x8  
  141  34:07  Infestor x3  
  141  34:08  Infestor x4  
  155  34:26  Zergling x2  
  155  34:27  Zergling x10  
  161  35:03  Overseer x2  
Show
View Real Time Build Order
Export as new Build Order

Carterxu Terran - Winner!

Build Orders: Liberator Opening, Reaper Expand, Mech 

Get SALT Encoding   

  12  0:00  SCV  
  13  0:13  SCV  
  14  0:17  Supply Depot  
  14  0:26  SCV  
  15  0:39  SCV  
  15  0:40  Barracks  
  16  0:45  Refinery  
  16  0:51  SCV  
  17  1:03  SCV  
  18  1:16  SCV  
  19  1:27  Reaper  
  20  1:34  Command Center  
  20  1:44  Orbital Command  
  20  2:04  Marine  
  20  2:05  Supply Depot  
  21  2:09  Refinery  
  21  2:10  SCV  
  22  2:21  Factory  
  22  2:31  Barracks Reactor  
  22  2:35  SCV  
  23  2:47  SCV  
  24  2:54  Orbital Command  
  24  3:00  SCV  
  25  3:06  Starport  
  25  3:16  Orbital Command  
  25  3:20  Barracks Tech Lab  
  25  3:28  Hellion x2  
  25  3:33  Bunker, SCV  
  30  3:42  SCV  
  30  3:44  Marine  
  30  3:45  Liberator, SCV  
  36  3:49  Refinery  
  36  3:55  SCV  
  36  3:57  SCV  
  36  3:58  Engineering Bay  
  36  3:59  Hellion  
  40  4:08  Supply Depot  
  40  4:13  Marine  
  41  4:18  SCV x2  
  43  4:29  Missile Turret  
  43  4:30  Hellion x2  
  47  4:38  SCV  
  47  4:39  SCV  
  49  4:48  Factory  
  49  4:49  Refinery  
  49  4:50  SCV  
  50  5:01  Command Center  
  50  5:03  SCV x2  
  50  5:05  Hellion  
  54  5:24  Hellion  
  45  5:33  SCV x2  
  47  5:35  Infernal Pre-Igniter  
  47  5:38  Siege Tank, Starport Reactor  
  50  5:45  SCV x2  
  52  5:55  Command Center  
  52  5:57  SCV  
  52  6:01  Widow Mine x2  
  54  6:04  Supply Depot  
  54  6:13  Siege Tank, SCV x2  
  54  6:14  Orbital Command  
  59  6:19  Neosteel Armor  
  59  6:22  Widow Mine  
  61  6:31  Widow Mine  
  63  6:34  Armory  
  63  6:37  Missile Turret  
  63  6:43  Viking  
  63  6:44  Widow Mine  
  63  6:45  Missile Turret  
  63  6:46  Siege Tank  
  70  7:01  Orbital Command  
  70  7:05  Hellion  
  70  7:06  Supply Depot, Widow Mine  
  74  7:26  Hellion  
  74  7:28  Thor  
  82  7:36  Terran Vehicle Weapons Level 1  
  82  7:38  Drilling Claws  
  82  7:40  Command Center  
  82  7:46  Factory  
  82  7:51  Planetary Fortress, Factory  
  82  7:54  SCV  
  84  8:05  SCV x2  
  84  8:06  SCV  
  84  8:07  Hi-Sec Auto Tracking, Refinery  
  84  8:09  Refinery  
  86  8:15  Liberator x2  
  92  8:31  Starport  
  92  8:33  SCV x3  
  95  8:39  Factory Tech Lab  
  95  8:40  Factory Reactor  
  95  8:45  SCV  
  95  8:46  Sensor Tower  
  95  8:48  SCV x2  
  98  8:52  Planetary Fortress  
  98  8:56  Command Center  
  98  8:57  SCV  
  98  9:00  SCV  
  100  9:05  Missile Turret  
  96  9:16  Starport Reactor  
  94  9:26  SCV x2, Engineering Bay  
  96  9:34  Hellion  
  96  9:35  Hellion, Widow Mine  
  96  9:36  Thor  
  108  9:45  SCV x4  
  111  9:52  Widow Mine  
  114  9:55  Armory  
  114  9:59  Terran Vehicle And Ship Armor Level 1  
  114  10:14  Planetary Fortress  
  114  10:15  Missile Turret  
  114  10:16  Command Center  
  114  10:20  Sensor Tower  
  114  10:21  Widow Mine x2  
  118  10:30  Liberator  
  118  10:31  Liberator  
  118  10:33  Viking  
  126  10:39  Missile Turret  
  126  10:47  Command Center  
  126  10:59  Command Center  
  126  11:07  Hellion  
  126  11:08  Hellion  
  130  11:20  Supply Depot  
  130  11:21  Hellion, Widow Mine  
  130  11:28  Hellion, Widow Mine  
  130  11:29  Planetary Fortress, Widow Mine x2  
  138  11:35  Liberator, Missile Turret  
  141  11:42  Hellion, Supply Depot  
  141  11:44  Command Center  
  141  11:48  Command Center  
  141  11:49  Siege Tank  
  102  12:04  Widow Mine  
  102  12:05  Widow Mine x3  
  102  12:07  SCV x4  
  114  12:11  Liberator x3  
  123  12:36  Refinery  
  121  12:39  Siege Tank, Liberator, Widow Mine x3  
  121  12:42  Hellion x2  
  137  12:53  Liberator  
  137  12:54  Liberator x2  
  137  12:57  Planetary Fortress  
  146  13:00  Widow Mine x2  
  146  13:02  Command Center  
  146  13:04  Sensor Tower  
  150  13:12  Thor x2  
  162  13:22  Liberator, SCV x2  
  162  13:23  SCV x2  
  169  13:27  Missile Turret  
  169  13:32  Planetary Fortress  
  169  13:33  Sensor Tower  
  169  13:36  Planetary Fortress x2, Liberator x3  
  176  13:47  Missile Turret  
  140  13:59  Thor x2  
  140  14:00  Hellion, Widow Mine x2  
  150  14:05  Liberator  
  153  14:10  SCV x3  
  153  14:11  Command Center  
  153  14:16  Widow Mine  
  158  14:21  Widow Mine x2  
  158  14:22  Widow Mine  
  164  14:25  SCV  
  164  14:26  SCV x3  
  164  14:27  SCV x3  
  171  14:37  Widow Mine  
  173  14:40  Terran Vehicle Weapons Level 2  
  173  14:41  Thor  
  173  14:42  Thor  
  173  14:43  Hellion, Widow Mine  
  189  14:49  Hellion  
  191  14:56  Refinery  
  191  14:59  Hellion  
  193  15:01  Terran Vehicle And Ship Armor Level 2  
  193  15:04  Hellion, Widow Mine  
  197  15:10  Widow Mine  
  175  15:43  Missile Turret  
  175  15:44  Sensor Tower  
  175  15:46  Thor x2  
  175  15:47  Missile Turret  
  187  15:58  SCV x3  
  190  16:08  Missile Turret  
  190  16:09  Planetary Fortress  
  190  16:15  Missile Turret  
  190  16:22  Starport  
  190  16:29  Thor  
  196  16:36  Command Center  
  196  16:39  Missile Turret  
  196  16:56  Terran Ship Weapons Level 1  
  196  16:59  Refinery  
  193  17:06  Missile Turret  
  183  17:15  Liberator x2  
  183  17:16  Starport Reactor, Liberator x2  
  189  17:27  Missile Turret  
  189  17:45  Sensor Tower  
  189  17:46  Command Center  
  189  17:53  Fusion Core  
  189  17:55  Planetary Fortress  
  189  17:57  Liberator  
  189  17:58  Liberator  
  195  17:59  Liberator x3  
  200  18:06  Refinery  
  186  18:25  Liberator  
  189  18:27  Command Center  
  189  18:35  Command Center  
  189  18:40  Liberator x2  
  195  18:42  Liberator, Terran Vehicle And Ship Armor Level 3  
  195  18:47  Advanced Ballistics  
  198  18:56  Command Center  
  198  19:01  Planetary Fortress  
  198  19:06  Missile Turret  
  198  19:33  Sensor Tower  
  198  19:49  Planetary Fortress  
  198  19:52  Missile Turret  
  198  19:57  Missile Turret  
  198  20:00  Terran Ship Weapons Level 2  
  198  20:15  Sensor Tower  
  198  20:17  Planetary Fortress  
  178  20:50  Thor  
  178  20:51  Hellion x2  
  188  20:57  Hellion x2  
  192  21:12  Refinery  
  192  21:15  Refinery  
  192  21:22  Liberator x2  
  192  21:23  Command Center  
  198  21:30  Sensor Tower  
  198  21:44  Widow Mine x2  
  198  21:45  Widow Mine  
  183  22:08  Command Center  
  183  22:15  Planetary Fortress  
  183  22:26  Hellion  
  183  22:27  Hellion  
  183  22:28  Liberator x2  
  193  22:31  Command Center  
  193  22:32  Sensor Tower, Missile Turret  
  193  22:34  Missile Turret, Terran Ship Weapons Level 3, Terran Vehicle Weapons Level 3  
  193  22:42  Orbital Command  
  193  22:51  Command Center  
  193  22:52  Sensor Tower, Missile Turret  
  193  22:55  Missile Turret  
  193  22:59  Widow Mine x3  
  193  23:05  Planetary Fortress  
  199  23:08  Missile Turret  
  199  23:11  Missile Turret, SCV  
  200  23:25  Command Center  
  200  23:27  Planetary Fortress  
  200  23:31  Command Center  
  197  23:51  Refinery  
  196  23:59  Planetary Fortress  
  196  24:12  Hellion x2  
  200  24:20  Sensor Tower  
  200  24:21  Command Center  
  200  24:22  Missile Turret  
  200  24:23  Planetary Fortress  
  200  24:41  Missile Turret  
  183  25:28  Orbital Command  
  183  25:32  Liberator x3  
  192  25:38  Planetary Fortress  
  192  25:40  Command Center  
  192  25:45  Planetary Fortress, Missile Turret  
  192  26:00  Thor  
  192  26:01  Hellion x2  
  192  26:02  Hellion  
  192  26:06  Missile Turret  
  192  26:25  Missile Turret  
  192  26:30  Hellion x2  
  192  26:31  Hellion x3  
  145  26:44  Hellion  
  145  26:45  Missile Turret  
  142  26:52  Siege Tank, Hellion x3  
  151  26:59  Command Center  
  151  27:04  Planetary Fortress  
  151  27:05  Siege Tank  
  154  27:12  Missile Turret  
  154  27:24  Siege Tank  
  157  27:35  Missile Turret  
  157  27:55  Command Center  
  157  28:13  Missile Turret  
  157  28:14  Planetary Fortress  
  157  28:19  Command Center, Missile Turret  
  157  28:29  Widow Mine x3  
  163  28:44  Thor  
  169  28:53  Command Center  
  169  29:01  Command Center  
  169  29:08  Planetary Fortress  
  169  29:18  Liberator x2  
  169  29:19  Liberator x3  
  184  29:42  Thor x2  
  164  30:25  Thor x2  
  153  30:54  Hellion x3  
  153  30:55  Hellion  
  161  31:31  Hellion x4  
  161  31:32  Hellion x2  
  149  31:52  Hellion  
  149  31:53  Hellion x2  
  155  31:57  Missile Turret  
  155  32:02  Planetary Fortress  
  155  32:17  Missile Turret  
  155  32:26  Siege Tank x2  
  161  32:42  Missile Turret  
  161  32:58  Siege Tank  
  161  33:00  Command Center  
  161  33:04  Missile Turret  
  164  33:22  Command Center  
  164  33:44  Hellion x4  
  164  33:45  Widow Mine x2  
  172  34:24  Hellion x2  
  172  34:25  Hellion x2  
  176  34:32  Planetary Fortress  
  176  34:36  Planetary Fortress  
  176  34:40  Sensor Tower  
  176  35:33  Thor  
  176  35:35  Thor, Liberator  
  188  35:36  Liberator x3  
  190  36:05  Hellion x2  
  194  36:16  Thor  
  194  36:40  Widow Mine x3  
  174  37:00  Hellion x3  
  180  37:01  Hellion x2  
  180  37:45  Siege Tank  
  179  38:44  Thor  
  179  38:46  Hellion  
Tags
 
Add a new tag
Caveats
  • Supply blocks, unpowered buildings, or Contaminate may cause inaccurate times.
  • Supply counts are checked every 10 seconds.